 Dungeon Crawl Stone Soup version 0.28-a0-1622-gc30f734a66 (webtiles) character file.

Game seed: 6356768206664111612

97 Gargoyl the Skirmisher (level 4, -2/36 HPs)
             Began as a Gnoll Abyssal Knight on Jan 23, 2022.
             Was a Believer of Lugonu.
             Slain by Natasha (8 damage)
             ... on level 2 of the Dungeon.
             The game lasted 00:02:14 (2093 turns).

Gargoyl the Skirmisher (Gnoll Abyssal Knight)       Turns: 2093, Time: 00:02:14

Health: -2/36      AC:  0    Str: 15    XL:     4   Next: 68%
Magic:  7/7        EV: 14    Int:  9    God:    Lugonu [**....]
Gold:   61         SH:  0    Dex: 12    Spells: 5/5 levels left

rFire   . . .      SeeInvis .     - Unarmed
rCold   . . .      Faith    .   (shield currently unavailable)
rNeg    . . .      Spirit   .   (armour currently unavailable)
rPois   .          Reflect  .   (helmet currently unavailable)
rElec   .          Harm     .   (cloak currently unavailable)
rCorr   .          Rampage  .   (gloves currently unavailable)
Will    .....                   (boots currently unavailable)
Stlth   +.........              (no amulet)
HPRegen 0.12/turn               (ring currently unavailable)
MPRegen 0.10/turn               (ring currently unavailable)

@: confused, pig-form, ambrosia-drunk, slowed
A: fast, no casting, small, (fangs 1), strong nose, distributed training, frail
1
a: Renounce Religion, Depart the Abyss, Bend Space


You were on level 2 of the Dungeon.
You worshipped Lugonu.
Lugonu was pleased with you.
You were a filthy swine.
You visited 1 branch of the dungeon, and saw 2 of its levels.
You visited the Abyss 1 time.

You collected 61 gold pieces.

Inventory:

Hand Weapons
 a - a +1 hand axe (melded)
Armour
 b - a +0 pair of gloves (melded)
 e - a +0 cloak (melded)
 g - a +0 chain mail (melded)
Scrolls
 c - a scroll of identify
 d - a scroll of vulnerability {unknown}


   Skills:
 + Level 6.6 Fighting
 + Level 1.2 Short Blades
 + Level 1.2 Long Blades
 + Level 4.7 Axes
 + Level 1.2 Maces & Flails
 + Level 1.2 Polearms
 + Level 1.2 Staves
 + Level 1.2 Slings
 + Level 1.2 Bows
 + Level 1.2 Crossbows
 + Level 1.2 Throwing
 + Level 4.7 Armour
 + Level 2.8 Dodging
 + Level 1.2 Stealth
 + Level 1.2 Shields
 + Level 1.2 Unarmed Combat
 + Level 1.2 Spellcasting
 + Level 1.0 Conjurations
 + Level 1.0 Hexes
 + Level 1.0 Summonings
 + Level 1.0 Necromancy
 + Level 1.0 Translocations
 + Level 1.0 Transmutations
 + Level 1.0 Fire Magic
 + Level 1.0 Ice Magic
 + Level 1.0 Air Magic
 + Level 1.0 Earth Magic
 + Level 1.0 Poison Magic
 + Level 4.7 Invocations
 + Level 1.2 Evocations


You had 5 spell levels left.
You didn't know any spells.
Your spell library contained the following spells:

 Spells                   Type           Power      Damage    Failure   Level
 Gell's Gravitas          Tloc           2%         N/A       56%         3
 Lesser Beckoning         Tloc           2%         N/A       56%         3
 Teleport Other           Tloc           2%         N/A       56%         3


Dungeon Overview and Level Annotations

Branches:
Dungeon (2/15)

Altars:

Shops:
D:2 *

Annotations:
D:2 Natasha


Innate Abilities, Weirdness & Mutations

You are a filthy swine.
You move quickly.
Your equipment is almost entirely melded.
You are incapable of wielding weapons or throwing items.
You cannot cast spells.
((You have very sharp teeth.))
Your uncanny sense of smell can sniff out nearby items.
Your experience applies equally to all skills.
You are frail. (-10% HP)


Message History

Natasha claws you. Natasha casts a spell at you.
You feel yourself slow down.
Unknown command.
You barely miss Natasha.
Natasha is moderately wounded.
Natasha zaps a wand.
You turn into a filthy swine.
Your +1 hand axe melds into your body.
Your +0 cloak melds into your body.
Your +0 pair of gloves melds into your body.
Your +0 chain mail melds into your body.
You barely miss Natasha.
Natasha is moderately wounded.
Natasha claws you. Natasha claws you!
Unknown command.
You closely miss Natasha.
Natasha is moderately wounded.
Natasha closely misses you.
You completely miss Natasha.
Natasha is moderately wounded.
Natasha casts a spell at you. The magic dart hits you.
Unknown command.
You hit Natasha.
Natasha is heavily wounded.
Natasha barely misses you. Natasha closely misses you.
You closely miss Natasha.
Natasha is heavily wounded.
Natasha claws you.
Unknown command.
You closely miss Natasha.
Natasha is heavily wounded.
Natasha claws you.
* * * LOW HITPOINT WARNING * * *
Natasha claws you!
* * * LOW HITPOINT WARNING * * *
Unknown command.
It was a potion of ambrosia.
You are confused.
You feel invigorated. Natasha claws you!
You die...

#. ###.####
......# #
#.##.## . #
#.#.....####....
####
#.#.....hhr'....
+...
#.......####....
####≈ #.#....##
. +..<. #.##.#.#
##### #......#
#. ###.#### #+#
## #.# #.# # #.#
#.# # #.# ##.##
#


You could see Natasha and a quokka.

Vanquished Creatures
  Natasha (D:2)
  2 adders (D:2)
  4 dart slugs (D:1)
  2 ball pythons
  2 bats
  6 endoplasms (D:1)
  5 giant cockroaches (D:1)
  3 goblins
  A hobgoblin (D:1)
  5 jackals (D:1)
  A quokka (D:1)
  A frilled lizard (D:1)
  3 kobolds (D:2)
  8 rats (D:1)
44 creatures vanquished.

Notes
Turn   | Place    | Note
-------+----------+-------------------------------------------
     0 | Abyss:1  | Gargoyl the Gnoll Abyssal Knight began the quest for the
                  | Orb.
     0 | Abyss:1  | Reached XP level 1. HP: 23/23 MP: 3/3
     0 | Abyss:1  | Found a corrupted altar of Lugonu.
    53 | Abyss:1  | Noticed a chaos spawn
    54 | D:1      | Escaped the Abyss
    68 | D:1      | Found a runed translucent door.
   161 | D:1      | Reached XP level 2. HP: 28/29 MP: 5/5
   167 | D:1      | Reached * piety under Lugonu
   569 | D:1      | Reached XP level 3. HP: 35/35 MP: 6/6
   604 | D:1      | Found a faded altar of an unknown god.
  1180 | D:2      | Found Dyulaam's General Store.
  1196 | D:2      | Reached ** piety under Lugonu
  1197 | D:2      | Reached skill level 1 in Short Blades
  1197 | D:2      | Reached skill level 1 in Long Blades
  1197 | D:2      | Reached skill level 1 in Maces & Flails
  1197 | D:2      | Reached skill level 1 in Polearms
  1197 | D:2      | Reached skill level 1 in Staves
  1197 | D:2      | Reached skill level 1 in Slings
  1197 | D:2      | Reached skill level 1 in Bows
  1197 | D:2      | Reached skill level 1 in Crossbows
  1197 | D:2      | Reached skill level 1 in Throwing
  1197 | D:2      | Reached skill level 1 in Stealth
  1197 | D:2      | Reached skill level 1 in Shields
  1197 | D:2      | Reached skill level 1 in Unarmed Combat
  1197 | D:2      | Reached skill level 1 in Spellcasting
  1197 | D:2      | Reached skill level 1 in Evocations
  1199 | D:2      | Gained mutation: You have an increased reservoir of magic.
                  | (+10% MP) [potion of mutation]
  1199 | D:2      | Lost mutation: You have an increased reservoir of magic.
                  | (+10% MP) [potion of mutation]
  1199 | D:2      | Gained mutation: You are frail. (-10% HP) [potion of
                  | mutation]
  1254 | D:2      | Noticed Natasha
  1261 | D:2      | Killed Natasha
  1262 | D:2      | Reached XP level 4. HP: 17/36 MP: 7/7
  1899 | D:2      | Reached skill level 1 in Conjurations
  1899 | D:2      | Reached skill level 1 in Hexes
  1899 | D:2      | Reached skill level 1 in Summonings
  1899 | D:2      | Reached skill level 1 in Necromancy
  1899 | D:2      | Reached skill level 1 in Translocations
  1899 | D:2      | Reached skill level 1 in Transmutations
  1899 | D:2      | Reached skill level 1 in Fire Magic
  1899 | D:2      | Reached skill level 1 in Ice Magic
  1899 | D:2      | Reached skill level 1 in Air Magic
  1899 | D:2      | Reached skill level 1 in Earth Magic
  1899 | D:2      | Reached skill level 1 in Poison Magic
  2080 | D:2      | Noticed Natasha
  2092 | D:2      | HP: 1/36 [Natasha (9)]
  2093 | D:2      | Slain by Natasha

Illustrated notes

Levels and vault maps discovered:
D:1:      dpeg_arrival_caged_fury, layout_loops_ring,
          hellmonk_ecumenical_altar_leap_of_faith
D:2:      layout_loops_corners, serial_shops, nicolae_shop_hallway_stairs,
          minmay_misc_feat_diagonals, uniq_natasha

Skill      XL: |  1  2  3  4 |
---------------+-------------+-----
Short Blades   | 1 |  1.2
Long Blades    | 1 |  1.2
Maces & Flails | 1 |  1.2
Polearms       | 1 |  1.2
Staves         | 1 |  1.2
Slings         | 1 |  1.2
Bows           | 1 |  1.2
Crossbows      | 1 |  1.2
Throwing       | 1 |  1.2
Stealth        | 1 |  1.2
Shields        | 1 |  1.2
Unarmed Combat | 1 |  1.2
Spellcasting   | 1 |  1.2
Evocations     | 1 |  1.2
Conjurations   | 1 |  1.0
Hexes          | 1 |  1.0
Summonings     | 1 |  1.0
Necromancy     | 1 |  1.0
Translocations | 1 |  1.0
Transmutations | 1 |  1.0
Fire Magic     | 1 |  1.0
Ice Magic      | 1 |  1.0
Air Magic      | 1 |  1.0
Earth Magic    | 1 |  1.0
Poison Magic   | 1 |  1.0
Fighting       | |  6.6
Axes           | |  4.7
Armour         | |  4.7
Dodging        | |  2.8
Invocations    | |  4.7

Action                   |  1- 3 |  4- 6 || total
-------------------------+-------+-------++-------
Melee: Hand axe          |    73 |    38 ||   111
       Bite              |     5 |       ||     5
       Punch             |     1 |     1 ||     2
       Unarmed           |       |     6 ||     6
Invok: Depart the Abyss  |     1 |       ||     1
  Use: Scroll            |     2 |       ||     2
       Potion            |     1 |     1 ||     2
 Stab: Sleeping          |     1 |       ||     1
Armor: Leather armour    |     7 |       ||     7
       Chain mail        |    29 |    39 ||    68
Dodge: Dodged            |    35 |    21 ||    56

Table legend: (Time is in decaauts)
 A = Elapsed time spent in this place.
 B = Non-inter-level travel time spent in this place.
 C = Inter-level travel time spent in this place.
 D = Time resting spent in this place.
 E = Time spent auto-exploring this place.
 F = Levels seen in this place.
 G = Mean time per level.
                   A        B        C        D        E       F      G
               +--------+--------+--------+--------+--------+-----+--------+
         Total |   2103 |   2079 |     24 |      0 |   1725 |   3 |  701.0 |
       Dungeon |   2049 |   2025 |     24 |      0 |   1674 |   2 | 1024.5 |
         Abyss |     54 |     54 |      0 |      0 |     51 |   1 |   54.0 |
               +--------+--------+--------+--------+--------+-----+--------+

Top non-repeatable levels by time:
     D:1: 1130 daAuts
     D:2: 919 daAuts
 Abyss:1: 54 daAuts
